Map: 16-Bit LE

Players

Mamba

  • Race: Zerg Zerg
  • Spawn Location: 1:00

Denver - Winner!

  • Race: Zerg Zerg
  • Spawn Location: 7:00

Event: WCS Valencia 2018

VOD

Have the link to the VOD?

Description

Time

  • Played on: July 12, 2018, 6:58 a.m.
  • Length: 4:44

All games in this series

Show
View Real Time Build Order
Export as new Build Order

Mamba Zerg 

Build Orders: 1 Base Baneling Bust, Pool Only, Zergling Baneling 

Get SALT Encoding   

  12  0:00  Drone  
  13  0:16  Extractor  
  12  0:24  Spawning Pool  
  11  0:30  Drone  
  11  0:34  Drone  
  13  0:41  Drone  
  14  0:51  Overlord  
  14  1:11  Zergling x2  
  15  1:12  Queen  
  17  1:19  Metabolic Boost  
  17  1:24  Zergling x2  
  18  1:37  Baneling Nest  
  18  1:39  Zergling x2  
  18  1:46  Zergling x2  
  19  1:52  Zergling x2  
  20  1:58  Overlord  
  20  2:03  Zergling x2  
  21  2:14  Zergling x2  
  22  2:20  Zergling x2  
  22  2:21  Zergling x2  
  24  2:27  Zergling x4  
  26  2:36  Zergling x2  
  27  2:47  Zergling x2  
  27  2:51  Baneling x4  
  28  2:54  Zergling x2  
  28  2:57  Zergling x2  
  27  3:26  Zergling x2  
  23  3:27  Zergling x8  
  23  3:39  Zergling x4  
  25  3:49  Zergling x2  
  23  4:05  Zergling x2  
  24  4:13  Zergling x6  
  27  4:17  Baneling x4  
Show
View Real Time Build Order
Export as new Build Order

Denver Zerg - Winner!

Build Orders: Hatch First 

Get SALT Encoding   

  12  0:00  Drone  
  13  0:13  Overlord  
  13  0:18  Drone  
  14  0:31  Drone x2  
  16  0:36  Drone  
  17  0:53  Hatchery  
  16  0:57  Drone  
  16  1:01  Drone  
  18  1:11  Extractor  
  17  1:17  Spawning Pool  
  16  1:20  Drone  
  16  1:23  Drone  
  18  1:31  Drone  
  19  1:41  Overlord  
  19  1:50  Drone  
  20  2:03  Queen  
  20  2:04  Zergling x2  
  20  2:05  Zergling x2, Queen  
  26  2:12  Drone  
  26  2:14  Metabolic Boost  
  27  2:19  Drone  
  28  2:24  Drone  
  29  2:31  Zergling x2  
  30  2:37  Drone  
  30  2:39  Baneling Nest  
  30  2:42  Drone  
  31  2:45  Zergling x2  
  31  2:47  Spine Crawler  
  31  2:57  Zergling x4  
  33  3:04  Zergling x2  
  33  3:08  Zergling x2  
  33  3:10  Spine Crawler  
  33  3:15  Zergling x4  
  25  3:27  Zergling x2  
  25  3:32  Zergling x2  
  23  3:39  Baneling x2  
  23  3:40  Baneling  
  23  3:44  Zergling x2  
  24  3:54  Zergling x6  
  27  4:01  Zergling x2  
  27  4:02  Zergling x4  
  29  4:09  Zergling x2  
  30  4:12  Baneling  
  30  4:17  Zergling x2  
  30  4:18  Zergling x2  
  30  4:21  Baneling  
Tags
 
Add a new tag
Caveats
  • Supply blocks, unpowered buildings, or Contaminate may cause inaccurate times.
  • Supply counts are checked every 10 seconds.